 Dungeon Crawl Stone Soup version 0.28-a0-793-g31680bbd8b (webtiles) character file.

Game seed: 13495499119007371854

770 MirrMurr the Covert (level 7, -1/28 (32) HPs)
             Began as a Spriggan Enchanter on Nov 5, 2021.
             Slain by Dowan (11 damage)
             ... on level 5 of the Dungeon.
             The game lasted 00:11:01 (5932 turns).

MirrMurr the Covert (Spriggan Enchanter)            Turns: 5932, Time: 00:11:02

HP:   -1/28 (32)    AC:  3    Str:  6    XL:     7   Next: 53%
MP:   13/14         EV: 17    Int: 16    God:
Gold: 205           SH:  0    Dex: 16    Spells: 3/14 levels left

rFire   . . .      SeeInvis +   a - +1 dagger
rCold   + . .      Faith    .   (shield restricted)
rNeg    . . .      Spirit   .   b - +0 robe
rPois   .          Reflect  .   (helmet restricted)
rElec   .          Harm     .   t - +0 cloak
rCorr   +          Rampage  .   (gloves unavailable)
Will    +....                   (boots unavailable)
Stlth   ++++......              d - amulet of magic regeneration
HPRegen 0.09/turn               m - ring of resist corrosion
MPRegen 0.39/turn               f - ring of protection from cold

@: mighty, confusing by touch, heavily drained, very quick
A: very small, no large weapons, unfitting armour, see invisible, speed 3
a: no special abilities


You were on level 5 of the Dungeon.
You visited 1 branch of the dungeon, and saw 5 of its levels.

You collected 205 gold pieces.

Inventory:

Hand Weapons
 a - a +1 dagger (weapon)
Missiles
 e - 55 stones (quivered)
 g - 6 boomerangs
 i - 5 poisoned darts
Armour
 b - a +0 robe (worn)
 j - a +0 cloak
 t - a +0 cloak (worn)
Jewellery
 d - an amulet of magic regeneration (around neck)
 f - a ring of protection from cold (right hand)
 m - a ring of resist corrosion (left hand)
Wands
 n - a wand of polymorph (5)
Scrolls
 k - a scroll of identify
 q - 2 scrolls of blinking
 r - a scroll of teleportation
Potions
 c - a potion of invisibility
 h - 2 potions of heal wounds
 o - 2 potions of flight
 s - a potion of cancellation {unknown}


   Skills:
 - Level 5.0 Short Blades
 - Level 2.6 Dodging
 - Level 8.0 Stealth
 - Level 4.0 Spellcasting
 * Level 7.1 Hexes


You had 3 spell levels left.
You knew the following spells:

 Your Spells              Type           Power      Damage    Failure   Level
a - Ensorcelled Hibernat  Hex/Ice        28%        N/A       6%          2
b - Confusing Touch       Hex            26%        N/A       2%          3
c - Tukima's Dance        Hex            26%        N/A       2%          3
d - Dazzling Flash        Conj/Hex       28%        N/A       12%         3

Your spell library contained the following spells:

 Spells                   Type           Power      Damage    Failure   Level
 Apportation              Tloc           6%         N/A       17%         1
 Static Discharge         Conj/Air       3%         N/A       26%         2
 Invisibility             Hex            13%        N/A       80%         6
 Dispel Undead            Necr           3%         3d7       86%         4
 Sticky Flame             Conj/Fire      3%         2d3       86%         4
 Alistair's Intoxication  Tmut/Pois      2%         N/A       99%         5


Dungeon Overview and Level Annotations

Branches:
Dungeon (5/15)
 Temple: D:4-7

Altars:
Okawaru

Shops:
D:4 (

Annotations:
D:3 3 runed translucent doors, Prsk's ghost, amateur GnWn; dricus's ghost, amateur GrFi
D:5 Dowan


Innate Abilities, Weirdness & Mutations

You are very small and have problems with some larger weapons.
You are too small for most types of armour.
You have supernaturally acute eyesight. (SInv)
You cover ground extremely quickly. (Speed+++)


Message History

l - a bubbling golden potion Duvessa, Sister of Dowan comes into view.
She is wielding a +0 rapier.
Dowan, Brother of Duvessa comes into view.
He is wielding a +6 dagger of draining and wearing a +2 robe of cold resistance.
The helpless Duvessa fails to defend herself.
You stick Duvessa like a pincushion!!!
You kill Duvessa!
Dowan screams, "No!
No!"
Dowan seems to find hidden reserves of power!
Your Hexes skill increases to level 7!
Casting: Ensorcelled Hibernation (safe; 6% risk of failure)
Confirm with . or Enter, or press ? or * to list all spells.
Aiming: Ensorcelled Hibernation (safe; 6% risk of failure)
Press: ? - help, Shift-Dir - straight line, f - you That would be overly suicidal.
Okay, then.
Unknown command.
Casting: Ensorcelled Hibernation (safe; 6% risk of failure)
Confirm with . or Enter, or press ? or * to list all spells.
Your hands begin to glow red.
Dowan shouts!
You hit Dowan but do no damage. Dowan casts a spell at you.
The shard of ice misses you.
Dowan hits you with a +6 dagger of draining!
You feel drained.
You barely miss Dowan.
Dowan hits you with a +6 dagger of draining!
You feel drained.
You barely miss Dowan.
Dowan hits you with a +6 dagger of draining.
You feel drained.
You are too injured to fight recklessly!
You are too injured to fight recklessly!
You hit Dowan but do no damage.
Dowan shakes with grief.
Dowan barely misses you.
It was a potion of might.
You feel very mighty all of a sudden.
Dowan hits you with a +6 dagger of draining!
You die...

###########
#.........#
#.#######.#
####.#####.#
#.#
......e@...#
#.#
####.#######
#.# ##.#
########..#
..........#
########..#
#..###
#....#
#########
#.##.#


You could see Dowan (fast).

Vanquished Creatures
  Sigmund (D:2)
  Edmund (D:4)
  Duvessa (D:5)
  A bullfrog (D:4)
  A scorpion (D:4)
  A jelly (D:4)
  Terence (D:2)
  2 orc wizards
  3 gnolls (D:3)
  5 adders
  An adder skeleton (D:4)
  3 worms
  5 dart slugs
  11 orcs
  6 ball pythons
  3 bats
  6 endoplasms
  3 giant cockroaches
  4 goblins
  6 hobgoblins
  2 quokkas
  3 frilled lizards
  10 kobolds
  5 rats
85 creatures vanquished.

Notes
Turn   | Place    | Note
-------+----------+-------------------------------------------
     0 | D:1      | MirrMurr the Spriggan Enchanter began the quest for the
                  | Orb.
     0 | D:1      | Reached XP level 1. HP: 9/9 MP: 5/5
   552 | D:1      | Reached XP level 2. HP: 13/13 MP: 6/6
   560 | D:1      | Reached skill level 5 in Stealth
   563 | D:1      | Learned a level 2 spell: Ensorcelled Hibernation
  1247 | D:2      | Reached XP level 3. HP: 16/16 MP: 8/8
  1251 | D:2      | Learned a level 3 spell: Confusing Touch
  1663 | D:2      | Noticed Sigmund
  1668 | D:2      | Killed Sigmund
  1669 | D:2      | Reached skill level 7 in Stealth
  1669 | D:2      | Reached XP level 4. HP: 21/21 MP: 6/9
  1669 | D:2      | Reached XP level 5. HP: 24/24 MP: 6/10
  1673 | D:2      | Learned a level 3 spell: Tukima's Dance
  1750 | D:2      | Noticed Terence
  1777 | D:2      | Killed Terence
  2208 | D:2      | Reached skill level 8 in Stealth
  2491 | D:3      | Found a runed translucent gate.
  2491 | D:3      | Found a runed translucent gate.
  2492 | D:3      | Found a runed translucent gate.
  2493 | D:3      | Noticed dricus's ghost (amateur GrFi)
  2493 | D:3      | Noticed Prsk's ghost (amateur GnWn)
  2699 | D:3      | Found a faded altar of an unknown god.
  2776 | D:3      | Reached XP level 6. HP: 28/28 MP: 2/11
  3041 | D:3      | Reached skill level 5 in Short Blades
  4935 | D:4      | Learned a level 3 spell: Dazzling Flash
  4944 | D:4      | Found an iron altar of Okawaru.
  5249 | D:4      | Noticed Edmund
  5262 | D:4      | Reached skill level 5 in Hexes
  5265 | D:4      | Killed Edmund
  5266 | D:4      | Reached XP level 7. HP: 32/32 MP: 5/14
  5712 | D:4      | Found Eckaxuh's Antique Weapon Shoppe.
  5841 | D:5      | Entered Level 5 of the Dungeon
  5922 | D:5      | Noticed Duvessa
  5923 | D:5      | Noticed Dowan
  5926 | D:5      | Killed Duvessa
  5932 | D:5      | Slain by Dowan

Illustrated notes

Levels and vault maps discovered:
D:1:      lemuel_arrival_lava_pool, layout_basic
D:2:      layout_basic, serial_curves, eino_curves_03, eino_curves_04,
          chequers_serial_rivers_large_a, uniq_sigmund, uniq_terence
D:3:      layout_basic, gammafunk_ghost_cemetery,
          ebering_ecumenical_altar_sacrificial, kennysheep_generic_room_12
D:4:      layout_basic, okawaru_trees_1, serial_shops, shop, uniq_edmund
D:5:      layout_loops_ring, general_overflow_altar, uniq_duvessa

Skill      XL: |  1  2  3  4  5  6  7 |
---------------+----------------------+-----
Stealth        | 5 7 8 |  8.0
Short Blades   | 2 4 5 |  5.0
Hexes          | 5 7 |  7.1
Spellcasting   | 4 |  4.0
Dodging        | |  2.6

Action                   |  1- 3 |  4- 6 |  7- 9 || total
-------------------------+-------+-------+-------++-------
Melee: Dagger            |    85 |   152 |    26 ||   263
Throw: Stone             |       |     1 |       ||     1
 Cast: Ensorcelled Hiber |    15 |    38 |     9 ||    62
       Tukima's Dance    |       |     3 |       ||     3
       Confusing Touch   |       |       |     2 ||     2
  Use: Scroll            |       |     5 |     2 ||     7
       Potion            |       |     5 |     1 ||     6
 Stab: Sleeping          |    15 |    30 |     8 ||    53
       Confused          |       |       |     1 ||     1
Armor: Robe              |     7 |    10 |     3 ||    20
       Skin              |       |     8 |       ||     8
Dodge: Dodged            |    50 |    92 |     6 ||   148

Table legend: (Time is in decaauts)
 A = Elapsed time spent in this place.
 B = Non-inter-level travel time spent in this place.
 C = Inter-level travel time spent in this place.
 D = Time resting spent in this place.
 E = Time spent auto-exploring this place.
 F = Levels seen in this place.
 G = Mean time per level.
                   A        B        C        D        E       F      G
               +--------+--------+--------+--------+--------+-----+--------+
         Total |   4437 |   4192 |    245 |     93 |   3363 |   5 |  887.4 |
       Dungeon |   4437 |   4192 |    245 |     93 |   3363 |   5 |  887.4 |
               +--------+--------+--------+--------+--------+-----+--------+

Top non-repeatable levels by time:
     D:3: 1539 daAuts
     D:2: 1159 daAuts
     D:1: 873 daAuts
     D:4: 793 daAuts
     D:5: 72 daAuts
